 Dungeon Crawl Stone Soup version 0.20.1-1-g8b1a95d (webtiles) character file.

26455 letownia2 the Necromancer (level 12, -12/111 HPs)
             Began as a Deep Dwarf Necromancer on Nov 26, 2017.
             Was an Initiate of Gozag.
             Mangled by Snorg (15 damage)
             ... on level 2 of the Orcish Mines.
             The game lasted 01:02:07 (13963 turns).

letownia2 the Necromancer (Deep Dwarf Necromancer) Turns: 13963, Time: 01:02:07

Health: -12/111    AC: 12    Str: 16    XL:     12   Next: 98%
Magic:  9/41       EV: 11    Int: 21    God:    Gozag
Gold:   1077       SH:  0    Dex: 13    Spells: 16/31 levels left

rFire    + + .     SeeInvis .   d - staff of power
rCold    + . .     Gourm    .   (no shield)
rNeg     + . .     Faith    .   y - +4 ring mail
rPois    +         Spirit   .   r - -2 hat of the Alchemist {rElec rPois rF+ rC+ rN+ MR+ rMut rCorr}
rElec    +         Reflect  .   q - +0 cloak
rCorr    +         Harm     .   P - +0 pair of gloves
rMut     +                      L - +1 pair of boots
MR       ++...                  (no amulet)
Stlth    +.........             U - ring of protection from fire
Regen    0.0/turn               X - +4 ring of intelligence
MPRegen  0.3/turn

@: non-regenerating, drained
A: damage resistance, heal wounds, sense surroundings 2, no regeneration
a: Heal Wounds, Potion Petition, Call Merchant, Bribe Branch, Renounce Religion


You were on level 2 of the Orcish Mines.
You worshipped Gozag.
Gozag was most pleased with you.
You were not hungry.

You visited 4 branches of the dungeon, and saw 19 of its levels.
You also visited: Labyrinth and Ossuary.

You collected 3878 gold pieces.
You spent 755 gold pieces at shops.
You paid 2046 gold pieces to Gozag.

Inventory:

Hand Weapons
 a - a +5 falchion of freezing
 b - a +2 flail of holy wrath
 c - a +1 blowgun
 z - a +1 long sword of electrocution
 T - a +1 flail of protection
Missiles
 m - 6 javelins
 o - 41 poisoned needles
 Z - a throwing net (quivered)
Armour
 q - a +0 cloak (worn)
 r - the -2 hat of the Alchemist (worn) {rElec rPois rF+ rC+ rN+ MR+ rMut rCorr}
   (You bought it in a shop on level 10 of the Dungeon)

   It protects you from fire.
   It protects you from cold.
   It insulates you from electricity.
   It protects you from poison.
   It protects you from negative energy.
   It affects your resistance to hostile enchantments.
   It protects you from acid and corrosion.
   It protects you from mutation.
 y - a +4 ring mail (worn)
 L - a +1 pair of boots (worn)
 P - a +0 pair of gloves (worn)
Magical Staves
 d - an uncursed staff of power (weapon)
Jewellery
 j - a +4 ring of strength
 x - an uncursed ring of flight
 N - an uncursed ring of wizardry
 O - an uncursed ring of magical power
 U - a ring of protection from fire (left hand)
 X - a +4 ring of intelligence (right hand)
Wands
 e - a wand of lightning (0/15)
 k - a wand of iceblast (3/15)
 t - a wand of polymorph (9/24)
 B - a wand of flame (19/48)
 G - a wand of paralysis (7/24)
 Y - a wand of clouds (2/9)
Scrolls
 g - 5 scrolls of remove curse
 i - 4 scrolls of identify
 D - 2 scrolls of fear
 E - 3 scrolls of fog
 I - 3 scrolls of magic mapping
 M - 2 scrolls of teleportation
 Q - a scroll of recharging
 S - a scroll of vulnerability {unknown}
 W - a scroll of immolation
Potions
 f - 2 potions of mutation
 h - 9 potions of heal wounds
 l - a potion of cancellation
 n - 3 potions of lignification {unknown}
 p - a potion of haste
 s - 6 potions of agility
 u - a potion of resistance {unknown}
 v - 8 potions of curing
 w - 4 potions of might {unknown}
 A - a potion of brilliance
 C - 2 potions of ambrosia
 F - 4 potions of invisibility {unknown}
 V - 3 potions of flight {unknown}
Comestibles
 K - 6 meat rations


   Skills:
 + Level 8.2(8.1) Fighting
   Level 4.0(3.9) Axes
 - Level 4.4(4.2) Armour
 - Level 2.3(2.2) Dodging
 - Level 2.5(2.4) Stealth
 - Level 10.0(9.8) Spellcasting
 - Level 15.5(15.3) Necromancy
 - Level 7.9(7.8) Evocations


You had 16 spell levels left.
You knew the following spells:

 Your Spells              Type           Power        Failure   Level  Hunger
a - Pain                  Necr           ####         1%          1    None
i - Silence               Hex/Air        ##........   97%         5    ####...
r - Deflect Missiles      Chrm/Air       ##........   100%        6    ######.
v - Vampiric Draining     Necr           ######....   1%          3    None


Dungeon Overview and Level Annotations

Branches:
Dungeon (13/15)            Temple (1/1) D:6            Lair (3/6) D:8
    Orc (2/2) D:12         Vaults (0/5) D:13
  Swamp: Lair:2-4    Shoals: Lair:2-4     Snake: Lair:2-4    Spider: Lair:2-4
    Elf: Orc:2

Altars:
Ashenzari
Cheibriados
Dithmenos
Elyvilon
Fedhas
Gozag
Hepliaklqana
Kikubaaqudgha
Makhleb
Nemelex Xobeh
Okawaru
Qazlal
Ru
Sif Muna
Trog
Uskayaw
Vehumet
Xom
Yredelemnul
Zin
The Shining One
Beogh

Shops:
D:4 }   D:10 =[   Lair:2 =

Annotations:
D:8 Lanoc's ghost, novice DECj; Pikel
Orc:2 Snorg


Innate Abilities, Weirdness & Mutations

You are resistant to damage.
You can heal yourself by infusing magical energy.
You passively map the area around you.
You do not regenerate.


Message History

Casting: Vampiric Draining
Confirm with . or Enter, or press ? or * to list all spells.
Aiming: Vampiric Draining
Press: ? - help, Shift-Dir - straight line, f/p - Snorg
Aim: Snorg (poison gas, severely wounded, berserk, fast, unusually strong, poisoned) Snorg is almost dead.
You feel life coursing into your body.
The orc wizard shouts!
Snorg looks as sick as possible!
Snorg bites you!
* * * LOW HITPOINT WARNING * * *
Snorg claws you!
* * * LOW HITPOINT WARNING * * *
Snorg claws you.
The orc warrior is engulfed in poison gas.
The orc warrior looks as sick as possible!
Snorg looks as sick as possible!
Snorg bites you.
* * * LOW HITPOINT WARNING * * *
Snorg claws you!!
You die...
Your body crumbles into a pile of gold.

* , #......#.
... , *
*#..<..$.#
*....,, , , ,
........###§§o.,
,
,.........§§§..,
, ,
,#......§§§§..,
, ,,
#......§§§§# ,
##.....o§§§§# *
** #.....oT§§..#
,, ,
##.#.#@....## *
* # #..$..# , *,
* ####.## , * ,
, *## ,, *, ,,*
, ,,,* * *** * ,
, , , ,,, , , *
* * ,, * , , , *
, , , ,


You could see Snorg (berserk), 2 orc warriors and an orc wizard.

Vanquished Creatures
  Kirke (D:12)
  A minotaur (Lab)
  Erolcha (Orc:1)
  6 two-headed ogres
  Urug (Lair:2)
  Nergalle (Orc:1)
  An unseen horror (D:11)
  A lindwurm (D:13)
  3 cyclopes
  2 ugly things
  A manticore (D:11)
  A deep elf mage (D:13)
  A centaur zombie (D:11)
  An elephant (shapeshifter) (D:9)
  2 gargoyles
  2 spiny frogs
  7 trolls
  2 hornets
  8 hippogriffs
  A shadow (D:12)
  A wraith (D:12)
  3 yaks (D:12)
  4 wyverns
  A hog (D:12)
  An acid dragon (D:13)
  2 hungry ghosts
  A water moccasin (D:6)
  8 orc warriors
  5 sky beasts
  A slave (D:8)
  4 ice beasts
  2 phantoms (D:9)
  A black bear (D:9)
  11 ogres
  14 centaurs
  A crocodile (Lair:1)
  2 big kobolds
  11 bullfrogs
  Blork the orc (D:4)
  A wyvern zombie (D:7)
  4 water moccasin zombies (Ossuary)
  3 scorpions
  A water moccasin skeleton (D:7)
  4 killer bees (D:12)
  6 wights
  3 howler monkeys
  8 crimson imps
  3 hounds
  5 quasits
  4 jellies
  2 bullfrog skeletons
  8 orc priests
  A centaur skeleton (D:8)
  An iguana (D:4)
  19 orc wizards
  6 worker ants
  3 big kobold zombies (Ossuary)
  3 hound skeletons
  2 mummies (Ossuary)
  A howler monkey zombie (D:10)
  2 worker ant zombies
  3 gnolls (D:3)
  2 howler monkey skeletons
  17 adders
  2 shadow imps (D:13)
  2 oozes
  An adder skeleton (D:9)
  3 adder zombies (Ossuary)
  2 worms
  5 dart slugs
  5 leopard geckos
  49 orcs
  A ball python (D:3)
  4 giant cockroaches
  6 goblins
  A hobgoblin (D:2)
  17 jackals
  14 kobolds
  6 quokkas
  9 bats
  5 frilled lizards
  A gnoll zombie (Ossuary)
  3 hobgoblin zombies (Ossuary)
  7 kobold zombies (Ossuary)
  3 leopard gecko skeletons
  A leopard gecko zombie (D:6)
  2 orc zombies (Ossuary)
  A quokka zombie (D:5)
  7 rats
387 creatures vanquished.

Vanquished Creatures (others)
  An orc wizard (D:12)
  2 orcs (Orc:1)
  A giant cockroach (D:8)
4 creatures vanquished.

Grand Total: 391 creatures vanquished

Notes
Turn   | Place    | Note
-------+----------+-------------------------------------------
     0 | D:1      | letownia2 the Deep Dwarf Necromancer began the quest for the Orb.
     0 | D:1      | Reached XP level 1. HP: 15/15 MP: 3/3
   220 | D:3      | Found a glowing silver altar of Zin.
   237 | D:3      | Reached XP level 2. HP: 22/22 MP: 0/5
   414 | D:3      | Found a stormy altar of Qazlal.
   414 | D:3      | Found a hazy altar of Hepliaklqana.
   477 | D:3      | Reached skill level 5 in Necromancy
   477 | D:3      | Reached XP level 3. HP: 28/28 MP: 0/6
   505 | D:3      | Learned a level 3 spell: Vampiric Draining
   740 | D:4      | Found a radiant altar of Vehumet.
   740 | D:4      | Found a burning altar of Makhleb.
   752 | D:5      | Entered Level 5 of the Dungeon
   762 | D:5      | Noticed a centaur
   768 | D:5      | Killed a centaur
   768 | D:5      | Reached skill level 6 in Necromancy
   768 | D:5      | Reached XP level 4. HP: 19/36 MP: 0/7
   844 | D:5      | Reached XP level 5. HP: 31/42 MP: 1/8
  1048 | D:4      | Noticed Blork the orc
  1054 | D:4      | Killed Blork the orc
  1054 | D:4      | Reached skill level 7 in Necromancy
  1321 | D:4      | Reached XP level 6. HP: 46/49 MP: 2/9
  1345 | D:4      | Found Suimol's Gadget Boutique.
  1359 | D:4      | Reached skill level 8 in Necromancy
  1839 | D:5      | Reached skill level 9 in Necromancy
  1839 | D:5      | Reached XP level 7. HP: 22/55 MP: 0/10
  2224 | D:5      | Reached skill level 10 in Necromancy
  2492 | D:6      | Found a staircase to the Ecumenical Temple.
  2501 | Temple   | Entered the Ecumenical Temple
  2527 | Temple   | Became a worshipper of Gozag Ym Sagoz the Greedy
  2572 | D:6      | Reached XP level 8. HP: 52/63 MP: 1/13
  2622 | D:6      | Found a sand-covered staircase.
  2633 | Ossuary  | Entered an ossuary
  2697 | Ossuary  | Reached skill level 1 in Fighting
  3186 | D:6      | Reached skill level 5 in Fighting
  3983 | D:3      | Found a snail-covered altar of Cheibriados.
  4435 | D:2      | You fall through a shaft for 2 floors!
  5389 | D:1      | Gained mutation: You passively map the area around you. [Deep Dwarf growth]
  5389 | D:1      | Reached XP level 9. HP: 73/81 MP: 12/16
  5658 | D:7      | Reached skill level 5 in Spellcasting
  5721 | D:7      | Found a shadowy altar of Dithmenos.
  5736 | D:7      | Found a basalt altar of Yredelemnul.
  5739 | D:7      | Found an ancient bone altar of Kikubaaqudgha.
  5756 | D:7      | Found a white marble altar of Elyvilon.
  5894 | D:7      | Found an opulent altar of Gozag.
  6269 | D:8      | Noticed an eight-headed hydra
  6305 | D:8      | Noticed Pikel
  6419 | D:8      | Found a staircase to the Lair.
  6642 | D:8      | Noticed a two-headed ogre
  6645 | D:8      | Noticed Lanoc's ghost (novice DECj)
  6655 | D:8      | Killed a two-headed ogre
  6800 | D:9      | Reached XP level 10. HP: 76/88 MP: 2/21
  6911 | D:9      | Reached skill level 5 in Evocations
  7217 | D:9      | Noticed a brown ugly thing
  7241 | D:9      | Killed a brown ugly thing
  7417 | D:9      | Reached skill level 10 in Spellcasting
  7520 | D:9      | Noticed an elephant
  7538 | D:9      | Killed an elephant
  7538 | D:9      | Reached skill level 1 in Axes
  7763 | D:9      | Noticed a two-headed ogre
  7773 | D:9      | Killed a two-headed ogre
  7773 | D:9      | Reached XP level 11. HP: 82/96 MP: 0/25
  8017 | D:9      | Reached skill level 11 in Necromancy
  8115 | D:9      | Found a shattered altar of Ashenzari.
  8242 | D:10     | Entered Level 10 of the Dungeon
  8852 | D:11     | Noticed a two-headed ogre
  8947 | D:11     | Found a bloodstained altar of Trog.
  8989 | D:11     | Killed an unseen horror
  9046 | D:11     | Noticed a two-headed ogre
  9067 | D:11     | Killed a two-headed ogre
  9067 | D:11     | Reached skill level 12 in Necromancy
  9214 | D:11     | Killed a two-headed ogre
  9265 | D:11     | Noticed a six-headed hydra
  9513 | D:11     | Reached skill level 13 in Necromancy
 10169 | D:10     | Bought the -2 hat of the Alchemist {rElec rPois rF+ rC+ rN+ MR+ rMut rCorr} for 755 gold pieces
 10316 | D:12     | Reached skill level 14 in Necromancy
 10536 | D:12     | Noticed Kirke
 10605 | D:12     | Noticed a green ugly thing
 10634 | D:12     | Killed a green ugly thing
 10634 | D:12     | Reached XP level 12. HP: 68/103 MP: 1/26
 10653 | D:12     | Found a staircase to the Orcish Mines.
 10775 | D:12     | Killed Kirke
 10775 | D:12     | Reached skill level 15 in Necromancy
 10994 | D:12     | Noticed a two-headed ogre
 11003 | D:12     | Killed a two-headed ogre
 11392 | Lair:1   | Entered Level 1 of the Lair of Beasts
 11514 | Lair:2   | Noticed Urug
 11527 | Lair:2   | Killed Urug
 11714 | D:13     | Found a labyrinth entrance.
 11725 | Lab      | Entered a labyrinth
 12069 | Lab      | Noticed a minotaur
 12079 | Lab      | Killed a minotaur
 12159 | D:13     | Learned a level 6 spell: Deflect Missiles
 12165 | D:13     | Learned a level 5 spell: Silence
 12695 | D:13     | Found a gate to the Vaults.
 13075 | D:13     | Noticed a two-headed ogre
 13084 | D:13     | Killed a two-headed ogre
 13352 | Orc:1    | Entered Level 1 of the Orcish Mines
 13355 | Orc:1    | Found a roughly hewn altar of Beogh.
 13376 | Orc:1    | Noticed Erolcha
 13412 | Orc:1    | Killed Erolcha
 13758 | Orc:1    | Noticed Nergalle
 13765 | Orc:1    | Killed Nergalle
 13948 | Orc:2    | Entered Level 2 of the Orcish Mines
 13948 | Orc:2    | Noticed Snorg
 13963 | Orc:2    | HP: 3/111 [Snorg (3)]
 13963 | Orc:2    | Mangled by Snorg

Skill      XL: |  1  2  3  4  5  6  7  8  9 10 11 12 |
---------------+-------------------------------------+-----
Spellcasting   | 2 3 4 7 10 | 10.0
Necromancy     | 5 6 7 9 10 14 15 | 15.5
Fighting       | 5 8 |  8.2
Armour         | 2 4 |  4.4
Evocations     | 4 5 7 |  7.9
Axes           | 3 4 |  4.0
Dodging        | |  2.3
Stealth        | |  2.5

Action                   |  1- 3 |  4- 6 |  7- 9 | 10-12 || total
-------------------------+-------+-------+-------+-------++-------
Melee: Unarmed           |     5 |       |       |       ||     5
       Dagger            |    15 |     6 |       |    75 ||    96
       Flail             |       |    57 |   258 |   128 ||   443
       Falchion          |       |       |       |   227 ||   227
       Staff             |       |       |       |     6 ||     6
Throw: Throwing net      |       |       |       |     2 ||     2
 Cast: Pain              |    29 |    23 |   114 |    23 ||   189
       Vampiric Draining |     5 |    16 |    75 |   337 ||   433
Invok: Call Merchant     |       |       |       |     3 ||     3
Evoke: Wand              |       |       |     2 |    53 ||    55
  Use: Scroll            |       |       |       |    26 ||    26
       Potion            |       |       |       |     1 ||     1
 Stab: Sleeping          |       |     1 |       |       ||     1
       Distracted        |       |       |       |     6 ||     6
       Paralysed         |       |       |       |    12 ||    12
  Eat: Chunk             |     1 |     5 |     6 |       ||    12
       Bread ration      |       |       |     2 |     6 ||     8
       Royal jelly       |       |       |     3 |     2 ||     5
       Fruit             |       |       |     1 |       ||     1
Armor: Ring mail         |    19 |    37 |   196 |   554 ||   806
Dodge: Dodged            |    30 |    37 |   237 |   594 ||   898
       Rpst.: Falchion   |       |       |       |    76 ||    76
